cohdb
Replays
Latest Replays
All Replays
Popular Replays
Top Player Replays
Match Explorer
How It Works
Community
CoH3 Stats
Reddit
Sign in to upload your games and track your stats! →
Sign in with Steam
Match 43179330
Unlisted
Match 43179330
Overview
Messages
Build Orders
End
Construct Infanterie Kompanie
Selects Mechanized Battlegroup
MG 42 Machine Gun Team
Grenadier Squad
Grenadier Squad
Construct Panzergrenadier Kompanie
251 Medium Carrier
Pak 40 Anti-tank Gun Team
Support Elements
Selects Mobile Repair Stations
Selects Spotting Scopes
Medical Bunker
WЇЌĭήğ§* ★assasin
MrAdam
Makketsai
Dolan Tittenberg
豪师傅
hop.lalai.laaa
ForestJun
Karl123
0
0
Comments
sign in to comment!
No comments posted yet!